 Dungeon Crawl Stone Soup version 0.30-a0-381-g6ea064c7b4 (webtiles) character file.

Game seed: 2153568701633908501

2493 PyroL the Artisan of Death (level 9, -1/67 (68) HPs)
             Began as a Demonspawn Necromancer on Dec 1, 2022.
             Was a Priest of Kikubaaqudgha.
             Slain by NinjaNoafa's ghost (9 damage)
             ... on level 5 of the Dungeon.
             The game lasted 00:16:56 (7216 turns).

PyroL the Artisan of Death (Demonspawn Necromancer) Turns: 7216, Time: 00:16:57

HP:   -1/67 (68)    AC: 15    Str: 13    XL:     9   Next: 27%
MP:   21/25         EV: 12    Int: 21    God:    Kikubaaqudgha [***...]
Gold: 206           SH:  0    Dex: 16    Spells: 5/18 levels left

rFire   . . .      SeeInvis .    A - +6 flail "Earthworm" {flame, Will+ Str+4 Dex+3}
rCold   . . .      Faith    .    (no shield)
rNeg    . . .      Spirit   .    F - +1 robe {Will+}
rPois   .          Reflect  .    (no helmet)
rElec   .          Harm     .    p - +0 cloak
rCorr   .          Rampage  .    (no gloves)
Will    ++...                    q - +0 pair of boots
Stlth   ++........               z - amulet of regeneration
HPRegen 1.11/turn                d - +4 ring of protection
MPRegen 0.19/turn                o - ring of magical power

@: sanguine armoured, lightly drained
A: spiny 2, sanguine armour 1, weakness stinger 2
a: Renounce Religion, Unearth Wretches


You were on level 5 of the Dungeon.
You worshipped Kikubaaqudgha.
Kikubaaqudgha was most pleased with you.
You visited 1 branch of the dungeon, and saw 6 of its levels.
You also visited: Sewer.

You collected 206 gold pieces.

Inventory:

Hand Weapons
 A - the +6 flail "Earthworm" (weapon) {flame, Will+ Str+4 Dex+3}
   (You found it on level 4 of the Dungeon)

   It burns those it strikes, dealing additional fire damage.
   Str:       It affects your strength (+4).
   Dex:       It affects your dexterity (+3).
   Will:      It increases your willpower.
Armour
 h - a +0 crystal plate armour
 p - a +0 cloak (worn)
 q - a +0 pair of boots (worn)
 F - a +1 robe of willpower (worn)
Jewellery
 d - a +4 ring of protection (left hand)
 o - a ring of magical power (right hand)
 r - an amulet of faith
 z - an amulet of regeneration (around neck)
Wands
 x - a wand of mindburst (8)
 G - a wand of flame (24)
Scrolls
 e - 3 scrolls of immolation {unknown}
 f - 5 scrolls of teleportation
 g - a scroll of torment {unknown}
 i - 2 scrolls of poison
 j - 2 scrolls of magic mapping
 k - a scroll of summoning
 m - 3 scrolls of blinking
 n - 3 scrolls of noise
 s - a scroll of butterflies {unknown}
 y - 2 scrolls of enchant armour {unknown}
 H - a scroll of enchant weapon {unknown}
 I - a scroll of silence {unknown}
Potions
 a - a potion of flight {unknown}
 b - 2 potions of magic
 c - 2 potions of heal wounds
 l - a potion of berserk rage {unknown}
 t - 2 potions of lignification {unknown}
 u - a potion of curing
 v - 3 potions of brilliance
 w - 2 potions of haste {unknown}
 B - a potion of mutation {unknown}
 C - a potion of invisibility {unknown}
 D - a potion of ambrosia {unknown}
 E - a potion of degeneration {unknown}


   Skills:
 - Level 5.0 Fighting
 - Level 1.7 Dodging
 - Level 1.7 Stealth
 - Level 5.0 Spellcasting
 + Level 12.0 Necromancy


You had 5 spell levels left.
You knew the following spells:

 Your Spells              Type           Power      Damage    Failure   Level
a - Necrotise             Necr           100%       1d9       1%          1
b - Vampiric Draining     Necr           54%        2d9       1%          3
c - Animate Dead          Necr           54%        N/A       1%          4
d - Kiss of Death         Conj/Necr      100%       2d13      1%          1
e - Anguish               Hex/Necr       15%        N/A       9%          4

Your spell library contained the following spells:

 Spells                   Type           Power      Damage    Failure   Level
 Sublimation of Blood     Necr           54%        N/A       1%          2
 Agony                    Necr           54%        N/A       2%          5
 Cigotuvi's Dreadful Rot  Necr/Pois/Air  44%        N/A       3%          2
 Beastly Appendage        Tmut           10%        N/A       11%         1
 Freeze                   Ice            20%        1d4       11%         1
 Blink                    Tloc           10%        N/A       16%         2
 Poisonous Vapours        Pois/Air       10%        N/A       16%         2
 Wereblood                Tmut           5%         N/A       16%         2
 Borgnjor's Vile Clutch   Necr/Erth      15%        N/A       26%         5
 Frozen Ramparts          Ice            10%        1d2       32%         3
 Hailstorm                Conj/Ice       5%         3d4       32%         3
 Mephitic Cloud           Conj/Pois/Air  5%         N/A       32%         3
 Spider Form              Tmut/Pois      5%         N/A       32%         3
 Vhi's Electric Charge    Tloc/Air       10%        N/A       32%         3
 Manifold Assault         Tloc           5%         N/A       71%         4
 Death Channel            Necr           27%        N/A       12%         6
 Simulacrum               Ice/Necr       15%        N/A       80%         6
 Conjure Ball Lightning   Conj/Air       2%         3x3d6     100%        6
 Storm Form               Tmut/Air       2%         N/A       100%        7
 Dragon's Call            Summ           2%         N/A       100%        9


Dungeon Overview and Level Annotations

Branches:
Dungeon (6/15)             Temple (0/1) D:6           Sewer (visited)

Altars:
Kikubaaqudgha
Trog
Uskayaw
Vehumet
Wu Jian
Xom

Shops:
D:1 [

Annotations:
D:4 1 runed translucent door, baller8008's ghost, amateur MiFi
D:5 NinjaNoafa's ghost, amateur TrMo
D:6 Menkaure


Innate Abilities, Weirdness & Mutations

You are mostly covered in sharp spines.
When seriously injured, your blood forms armour. (AC +6)
You have a tail ending in a sharp stinger.


Message History

You thump NinjaNoafa's ghost! You burn NinjaNoafa's ghost.
NinjaNoafa's ghost is moderately damaged.
NinjaNoafa's ghost is struck by your spines.
NinjaNoafa's ghost hits you.
NinjaNoafa's ghost hits you but does no damage.
You closely miss NinjaNoafa's ghost.
NinjaNoafa's ghost is heavily damaged.
NinjaNoafa's ghost is struck by your spines.
NinjaNoafa's ghost closely misses you.
You barely miss NinjaNoafa's ghost.
NinjaNoafa's ghost is heavily damaged.
NinjaNoafa's ghost hits you! x2
* * * LOW HITPOINT WARNING * * *
Your blood congeals into armour.
You hit NinjaNoafa's ghost. You burn NinjaNoafa's ghost.
You tail-slap NinjaNoafa's ghost, but do no damage.
NinjaNoafa's ghost is heavily damaged.
NinjaNoafa's ghost misses you.
You closely miss NinjaNoafa's ghost.
NinjaNoafa's ghost is heavily damaged.
NinjaNoafa's ghost closely misses you.
Casting: Necrotise (safe; 1% risk of failure)
Confirm with . or Enter, or press ? or * to list all spells.
Casting: Anguish (dangerous; 9% risk of failure)
Press: ? - help, Dir - look around, f - activate NinjaNoafa's ghost resists with some effort.
NinjaNoafa's ghost hits you!
* * * LOW HITPOINT WARNING * * *
Okay, then.
NinjaNoafa's ghost attacks as you move away!
NinjaNoafa's ghost is struck by your spines.
NinjaNoafa's ghost hits you!
* * * LOW HITPOINT WARNING * * *
You sock NinjaNoafa's ghost! You burn NinjaNoafa's ghost.
You tail-slap NinjaNoafa's ghost.
NinjaNoafa's ghost is almost destroyed.
NinjaNoafa's ghost hits you but does no damage.
NinjaNoafa's ghost hits you!
You die...
Kikubaaqudgha rasps: "You have failed me!
Welcome... death!"

.....# #.#.# #..# #.#)#
.....######.#.# #..###.#)#
......ZZZ...#.#### #..Z.#)).)
...##########....# #.##.#..#)
...# ####.# #.##.#.... ##+## #.#
#......### #...## #.# ####.###
.....## ### #.# ##.# # ......##
##>###@# ##..# ##
.......####...##W########...####.
.......'.......................'.
.......####...###.#######...####.
......## ##..# #.# ##..# ##
.....## ##.###.# ##.# # #...##
#.....# #.# ##'##
####################.# #.#
#....................#


You could see NinjaNoafa's ghost.

Vanquished Creatures
  Sigmund (D:2)
  Edmund (D:6)
  A black bear (D:6)
  3 centaurs
  2 kobold brigands (Sewer)
  Blork the orc (D:6)
  2 bullfrogs
  3 scorpions
  A necrophage (D:4)
  10 wights (D:6)
  4 orc priests
  4 hounds
  Ijyb (D:4)
  4 orc wizards
  3 gnolls (D:6)
  9 adders
  4 river rats
  6 dart slugs
  5 worms
  22 orcs
  3 bats
  8 endoplasms
  5 giant cockroaches
  9 goblins
  7 hobgoblins
  A jackal (D:5)
  2 quokkas (D:4)
  8 ball pythons
  A frilled lizard (D:1)
  14 kobolds
  17 rats
162 creatures vanquished.

Vanquished Creatures (collateral kills)
  A kobold brigand (Sewer)
  2 orcs (D:5)
  A giant cockroach (D:1)
  2 jackals (D:5)
  2 rats (D:1)
8 creatures vanquished.

Vanquished Creatures (others)
  A gnoll sergeant (D:6)
  A hound zombie (D:5)
  A goblin zombie (D:4)
  2 jackal zombies (D:5)
  5 orc zombies
10 creatures vanquished.

Grand Total: 180 creatures vanquished

Notes
Turn   | Place    | Note
-------+----------+-------------------------------------------
     0 | D:1      | PyroL the Demonspawn Necromancer began the quest for the
                  | Orb.
     0 | D:1      | Reached XP level 1. HP: 13/13 MP: 3/3
     8 | D:1      | Found Ziocops's Antique Armour Emporium.
    98 | D:1      | Gained mutation: You are partially covered in sharp spines.
                  | [demonic ancestry]
    98 | D:1      | Reached XP level 2. HP: 19/19 MP: 3/5
   758 | D:2      | Reached skill level 5 in Necromancy
   769 | D:2      | Reached XP level 3. HP: 24/24 MP: 2/7
   860 | D:2      | Noticed Sigmund
  1274 | D:2      | Gained mutation: When seriously injured, your blood forms
                  | armour. (AC +6) [demonic ancestry]
  1274 | D:2      | Reached XP level 4. HP: 30/30 MP: 8/8
  1656 | D:3      | Found an ancient bone altar of Kikubaaqudgha.
  1664 | D:3      | Became a worshipper of Kikubaaqudgha
  1672 | D:3      | Learned a level 3 spell: Vampiric Draining
  1677 | D:3      | Learned a level 4 spell: Animate Dead
  1769 | D:3      | Found a faded altar of an unknown god.
  2003 | D:3      | Found a shimmering altar of Xom.
  2017 | D:3      | Identified the +3 scale mail "Jihadoz" {Rampage rElec
                  | rCorr}
  2248 | D:3      | Found a radiant altar of Vehumet.
  2401 | D:3      | Reached skill level 1 in Fighting
  2698 | D:4      | Noticed Ijyb
  2709 | D:4      | Killed Ijyb
  2709 | D:4      | Reached * piety under Kikubaaqudgha
  2709 | D:4      | Received a gift from Kikubaaqudgha
  2710 | D:4      | Reached skill level 6 in Necromancy
  2710 | D:4      | Gained mutation: You have a small tail. [demonic ancestry]
  2710 | D:4      | Reached XP level 5. HP: 20/37 MP: 3/9
  2922 | D:4      | Found a hide-covered altar of Uskayaw.
  2924 | D:4      | Noticed a +0 hand axe
  2925 | D:4      | Noticed a +0 dagger
  3069 | D:4      | Found a runed translucent door.
  3076 | D:4      | Noticed baller8008's ghost (amateur MiFi)
  3113 | D:4      | Your ally Ijyb died
  3116 | D:4      | Reached XP level 6. HP: 43/44 MP: 10/10
  3312 | D:4      | Reached skill level 7 in Necromancy
  3333 | D:4      | Learned a level 1 spell: Kiss of Death
  3349 | D:4      | Identified the +6 flail "Earthworm" {flame, Will+ Str+4
                  | Dex+3}
  3828 | D:5      | Entered Level 5 of the Dungeon
  3898 | D:5      | Reached XP level 7. HP: 52/52 MP: 11/11
  4101 | D:5      | Reached skill level 8 in Necromancy
  4258 | D:5      | Reached ** piety under Kikubaaqudgha
  4316 | D:5      | Found a glowing drain.
  4322 | Sewer    | Entered a sewer
  4496 | Sewer    | Reached skill level 9 in Necromancy
  4824 | Sewer    | Gained mutation: You have a tail ending in a sharp stinger.
                  | [demonic ancestry]
  4824 | Sewer    | Reached XP level 8. HP: 61/61 MP: 12/12
  5061 | D:5      | Found a bloodstained altar of Trog.
  5122 | D:5      | Reached skill level 5 in Fighting
  5227 | D:5      | Found a large runed translucent door.
  5227 | D:5      | Found a large runed translucent door.
  5231 | D:5      | Noticed NinjaNoafa's ghost (amateur TrMo)
  5855 | D:2      | Killed Sigmund
  5856 | D:2      | Reached skill level 10 in Necromancy
  6421 | D:6      | Noticed Edmund
  6429 | D:6      | Killed Edmund
  6429 | D:6      | Reached *** piety under Kikubaaqudgha
  6429 | D:6      | Received a gift from Kikubaaqudgha
  6435 | D:6      | Learned a level 4 spell: Anguish
  6533 | D:6      | Got the Essays on the Collective Sky
  6554 | D:6      | Reached skill level 11 in Necromancy
  6620 | D:6      | Found an ornate altar of the Wu Jian Council.
  6698 | D:6      | Noticed Menkaure
  6769 | D:6      | Gained mutation: You are mostly covered in sharp spines.
                  | [demonic ancestry]
  6769 | D:6      | Reached XP level 9. HP: 59/68 MP: 16/16
  6785 | D:6      | Noticed Blork the orc
  6793 | D:6      | Killed Blork the orc
  6794 | D:6      | Reached skill level 5 in Spellcasting
  6852 | D:6      | Found a staircase to the Ecumenical Temple.
  7031 | D:6      | Reached skill level 12 in Necromancy
  7216 | D:5      | Slain by NinjaNoafa's ghost

Illustrated notes

Levels and vault maps discovered:
D:1:      dpeg_arrival_windows_large_door, layout_rooms, serial_shops, shop,
          hangedman_decor_clover_reticule, item_on_display_a
D:2:      layout_basic, basic_altar, uniq_sigmund
D:3:      layout_basic, vehumet_crystals, mainiacjoe_overflow_paths,
          kiku_gazebo_garden_becter, hellmonk_ecumenical_altar_heavens_door,
          minmay_tree_intersection
D:4:      layout_loops_corners, dancing_weapons_uskayaw,
          ebering_ghost_reflecting_pool, uniq_ijyb
D:5:      layout_loops_corners, lemuel_coloured_pillars_altar,
          portal_sewer_entry_e, ebering_ghost_disaster_area
D:6:      layout_loops_ring, lemuel_crystal_altar,
          pdpol_wu_jian_five_deadly_venoms, minmay_temple_entry_hall,
          uniq_menkaure, uniq_blork_the_orc, uniq_edmund

Skill      XL: |  1  2  3  4  5  6  7  8  9 |
---------------+----------------------------+-----
Necromancy     | 5 6 7 9 11 12 | 12.0
Spellcasting   | 3 4 5 |  5.0
Fighting       | 1 2 3 4 5 |  5.0
Dodging        | |  1.7
Stealth        | |  1.7

Action                   |  1- 3 |  4- 6 |  7- 9 || total
-------------------------+-------+-------+-------++-------
Melee: Unarmed           |     3 |       |       ||     3
       Quarterstaff      |     7 |     2 |       ||     9
       Dagger            |       |    39 |       ||    39
       Tailslap          |       |     3 |    22 ||    25
       Flail             |       |    20 |   144 ||   164
       Punch             |       |       |     3 ||     3
 Cast: Necrotise         |    51 |    59 |    74 ||   184
       Vampiric Draining |       |     2 |       ||     2
       Animate Dead      |       |     2 |     3 ||     5
       Anguish           |       |       |     3 ||     3
Evoke: Wand              |       |       |     1 ||     1
  Use: Scroll            |     1 |     7 |     1 ||     9
 Stab: Sleeping          |       |     4 |     2 ||     6
       Distracted        |       |     1 |       ||     1
Armor: Robe              |     9 |    35 |    48 ||    92
Dodge: Dodged            |    21 |    25 |    90 ||   136

Table legend: (Time is in decaauts)
 A = Elapsed time spent in this place.
 B = Non-inter-level travel time spent in this place.
 C = Inter-level travel time spent in this place.
 D = Time resting spent in this place.
 E = Time spent auto-exploring this place.
 F = Levels seen in this place.
 G = Mean time per level.
                   A        B        C        D        E       F      G
               +--------+--------+--------+--------+--------+-----+--------+
         Total |   7449 |   6978 |    471 |    404 |   5253 |   7 | 1064.1 |
       Dungeon |   6667 |   6196 |    471 |    404 |   4690 |   6 | 1111.2 |
         Sewer |    781 |    781 |      0 |      0 |    563 |   1 |  781.0 |
               +--------+--------+--------+--------+--------+-----+--------+

Top non-repeatable levels by time:
     D:5: 1560 daAuts
     D:2: 1246 daAuts
     D:4: 1194 daAuts
     D:3: 1191 daAuts
     D:6: 886 daAuts
   Sewer: 781 daAuts
     D:1: 587 daAuts
